Map: Prion Terraces

Players

capac

  • Race: Terran Terran
  • League: Gold

A.I. 1 (Elite) - Winner!

  • Race: Zerg Zerg

VOD

Have the link to the VOD?

Description

Time

  • Played on: March 18, 2016, 2:28 p.m.
  • Length: 15:59
Show
View Real Time Build Order
Export as new Build Order

capac Terran 

Build Orders:  

Get SALT Encoding   

  12  0:01  SCV  
  13  0:13  SCV  
  14  0:18  Supply Depot  
  14  0:25  SCV  
  15  0:40  Barracks, SCV  
  16  0:50  Refinery  
  16  0:52  SCV  
  17  1:04  SCV  
  18  1:16  SCV  
  19  1:28  SCV  
  20  1:34  Command Center  
  20  1:35  Reaper  
  21  1:44  Orbital Command  
  21  2:00  Supply Depot  
  21  2:28  SCV  
  22  2:30  Barracks Reactor  
  22  2:34  Barracks  
  22  2:37  Factory  
  22  2:55  Orbital Command  
  21  3:06  Bunker  
  21  3:08  Marine x2  
  23  3:22  Barracks Tech Lab, Factory Tech Lab  
  23  3:26  Starport  
  23  3:31  Refinery, SCV x2  
  25  3:39  Marine x2  
  27  3:47  SCV x2  
  27  3:48  Refinery  
  29  3:55  Marine  
  30  4:06  Supply Depot  
  30  4:07  SCV x2  
  30  4:08  Marine x2  
  30  4:09  Siege Tank  
  37  4:25  SCV x2  
  37  4:26  Marine  
  37  4:27  Marine x2  
  37  4:30  Medivac  
  44  4:37  SCV  
  45  4:48  Marine x2, Siege Tank  
  45  4:49  Marine  
  51  4:55  Stimpack  
  51  5:01  SCV x2  
  53  5:11  Barracks  
  53  5:12  Marine  
  53  5:13  Barracks  
  53  5:14  Barracks  
  54  5:22  Command Center  
  54  5:23  Supply Depot  
  54  5:29  Supply Depot  
  54  5:31  Marine x2  
  54  5:32  Marine, SCV x2  
  54  5:34  Medivac  
  61  5:44  SCV x2  
  61  5:46  Supply Depot  
  61  5:49  Marine  
  64  5:51  Supply Depot  
  64  5:53  Refinery  
  64  5:56  SCV  
  64  5:57  SCV  
  66  5:58  Siege Tank  
  66  6:03  Barracks Reactor  
  66  6:04  Barracks Reactor x2  
  69  6:05  Starport Reactor  
  69  6:14  Marine x2  
  69  6:16  Marine  
  72  6:22  Engineering Bay  
  72  6:23  Engineering Bay  
  72  6:26  SCV x2  
  74  6:33  Siege Tank  
  74  6:36  Supply Depot  
  74  6:38  SCV  
  74  6:39  Supply Depot  
  78  6:40  Marine  
  79  6:51  Terran Infantry Weapons Level 1, Terran Infantry Armor Level 1  
  79  7:00  Medivac x2  
  83  7:10  Marine x3  
  83  7:11  Marine x5  
  83  7:13  Marine  
  92  7:22  Supply Depot  
  92  7:32  Orbital Command  
  92  7:35  Medivac x2  
  92  7:36  Marine x4  
  100  7:52  SCV x2  
  100  7:53  Marine x4  
  100  7:54  Marine  
  100  7:55  Marine x3  
  100  7:56  Marine  
  111  8:04  SCV x2  
  90  8:28  Marine x5  
  90  8:29  Marine x4  
  90  8:32  SCV x2  
  90  8:33  SCV  
  93  8:46  Marine x6  
  93  8:47  Supply Depot, Marine x2, Liberator  
  93  8:48  Liberator  
  101  8:53  Command Center  
  101  8:59  SCV x3  
  101  9:02  Refinery  
  104  9:04  Refinery  
  104  9:06  Marine  
  111  9:22  Marine x3  
  111  9:23  Marine x4  
  111  9:24  Marine  
  119  9:33  SCV x3  
  119  9:37  Marine  
  123  9:40  Marine x4  
  123  9:42  Fusion Core  
  123  9:44  Armory  
  123  9:45  Marine x3  
  93  10:08  Marine x5  
  85  10:20  Marine x4  
  89  10:31  SCV  
  89  10:32  SCV x2  
  86  10:43  Marine x4  
  86  10:44  Marine x2, Siege Tank, SCV  
  93  11:00  Marine x3  
  93  11:03  SCV x2  
  98  11:05  Orbital Command  
  77  11:15  SCV x2  
  77  11:16  Marine x3  
  77  11:17  Marine x3  
  71  11:27  SCV x2  
  73  11:37  Medivac  
  73  11:39  SCV  
  77  11:40  SCV  
  77  11:48  Marine x4  
  77  11:49  Marine  
  82  12:07  Refinery, Command Center  
  82  12:09  Refinery  
  82  12:11  Marine x3  
  82  12:12  Marine x4  
  82  12:13  Marine  
  82  12:14  Marine  
  91  12:17  Terran Infantry Weapons Level 2  
  91  12:18  Terran Infantry Armor Level 2  
  91  12:22  Medivac x2  
  95  12:34  Marine  
  95  12:35  Marine x5  
  95  12:36  Marine x2  
  103  12:37  Marine  
  103  12:38  Combat Shields  
  103  12:40  Siege Tank  
  107  12:53  Medivac  
  107  12:54  Medivac  
  111  13:20  Marine x3  
  111  13:21  Marine  
  85  14:08  Marine x2  
  85  14:09  Marine x6  
  79  14:10  Marine  
  79  14:11  Siege Tank  
  79  14:13  Planetary Fortress  
  79  14:16  SCV x2  
  86  14:26  Marine  
  86  14:28  SCV  
  88  14:42  Marine x2  
  88  14:43  Marine x3, Siege Tank  
  88  14:44  Marine  
  97  14:45  Marine  
  97  14:46  Marine  
  97  14:51  Medivac x2  
  103  14:56  Refinery  
  103  15:04  Marine x3  
  103  15:05  Marine x4  
  103  15:06  Marine x2  
  112  15:15  Siege Tank  
  112  15:20  Command Center  
  115  15:22  Marine x4  
  115  15:23  Marine x3  
Show
View Real Time Build Order
Export as new Build Order

A.I. 1 (Elite) Zerg - Winner!

Build Orders: Pool First 

Get SALT Encoding   

  12  0:00  Drone  
  13  0:12  Overlord  
  13  0:17  Drone  
  14  0:30  Drone x2  
  16  0:43  Spawning Pool  
  16  0:45  Drone  
  16  0:49  Drone  
  17  1:16  Hatchery  
  17  1:17  Drone  
  17  1:18  Drone  
  18  1:19  Extractor  
  18  1:21  Drone  
  18  1:27  Drone  
  19  1:38  Overlord  
  19  1:48  Queen  
  19  1:49  Drone  
  22  1:59  Zergling x2  
  23  2:09  Extractor  
  23  2:10  Drone  
  23  2:21  Drone  
  23  2:23  Queen  
  23  2:28  Drone  
  26  2:32  Drone  
  27  2:39  Drone  
  27  2:42  Drone  
  29  2:45  Roach Warren  
  29  2:50  Drone  
  29  2:54  Drone  
  29  2:58  Drone  
  29  3:02  Zergling x2  
  31  3:06  Zergling x2  
  31  3:12  Overlord  
  32  3:16  Drone  
  32  3:19  Drone  
  34  3:27  Roach  
  36  3:30  Roach  
  36  3:32  Roach  
  40  3:36  Roach  
  42  3:43  Lair  
  42  3:48  Overlord  
  42  3:52  Overlord  
  42  3:57  Zergling x2  
  42  3:59  Zergling x2  
  44  4:06  Zergling x2, Drone x2  
  44  4:08  Drone  
  48  4:11  Drone  
  48  4:13  Drone  
  50  4:17  Roach  
  50  4:21  Roach  
  54  4:25  Overlord  
  54  4:32  Drone  
  54  4:35  Drone  
  54  4:37  Drone  
  57  4:39  Drone  
  57  4:42  Infestation Pit  
  57  4:43  Drone  
  57  4:45  Overlord  
  58  4:49  Overlord  
  58  4:52  Roach  
  60  4:55  Roach  
  62  5:04  Hydralisk Den  
  61  5:08  Drone  
  61  5:10  Drone  
  61  5:12  Drone  
  61  5:14  Drone  
  65  5:15  Drone  
  65  5:17  Drone  
  65  5:19  Drone  
  65  5:20  Infestor  
  70  5:21  Drone  
  70  5:22  Drone  
  70  5:24  Drone  
  70  5:28  Overlord  
  73  5:30  Drone  
  73  5:31  Drone  
  75  5:37  Hydralisk, Drone, Infestor  
  75  5:41  Hydralisk  
  75  5:42  Hydralisk  
  82  5:49  Overlord, Hydralisk  
  86  5:57  Extractor  
  86  5:58  Metabolic Boost  
  86  6:01  Extractor  
  86  6:02  Drone  
  85  6:05  Hatchery  
  85  6:06  Drone  
  85  6:10  Evolution Chamber  
  85  6:11  Drone  
  85  6:20  Drone x3  
  85  6:23  Overlord, Drone  
  85  6:24  Drone x2  
  91  6:35  Evolution Chamber  
  91  6:36  Zerg Melee Weapons Level 1  
  91  6:38  Evolution Chamber, Drone  
  90  6:48  Ravager  
  90  6:50  Roach  
  93  6:57  Ravager  
  93  6:59  Overlord, Roach  
  93  7:01  Zerg Ground Armor Level 1  
  96  7:03  Zerg Missile Weapons Level 1, Hydralisk  
  98  7:12  Hydralisk  
  98  7:13  Spine Crawler  
  99  7:17  Hydralisk  
  99  7:18  Drone x3  
  99  7:19  Spine Crawler, Drone x4  
  99  7:20  Overlord, Drone x2  
  99  7:21  Drone  
  109  7:24  Extractor  
  108  7:30  Hatchery  
  108  7:33  Drone  
  108  7:34  Drone  
  108  7:36  Drone  
  110  7:37  Drone  
  110  7:38  Drone  
  110  7:40  Drone  
  110  7:41  Drone  
  110  7:43  Drone  
  115  7:44  Overlord  
  115  7:46  Drone, Overseer  
  115  7:47  Drone  
  115  7:48  Drone  
  115  7:49  Hydralisk  
  120  7:54  Muscular Augments  
  120  7:56  Infestor  
  122  8:02  Overlord  
  122  8:03  Infestor  
  122  8:05  Roach  
  126  8:11  Extractor  
  125  8:17  Zergling x6  
  125  8:18  Zergling x12, Spore Crawler  
  125  8:19  Hydralisk  
  125  8:20  Baneling Nest, Zergling x2  
  125  8:21  Roach  
  108  8:30  Roach, Hydralisk  
  108  8:32  Ravager, Roach  
  110  8:40  Drone  
  111  8:41  Hydralisk  
  111  8:42  Roach  
  111  8:43  Drone x2  
  111  8:44  Roach, Drone  
  111  8:48  Extractor  
  119  8:51  Drone  
  119  8:52  Zerg Melee Weapons Level 2, Extractor, Drone  
  119  8:53  Drone x2  
  122  8:57  Hydralisk x2, Drone  
  127  9:03  Baneling, Drone x2  
  127  9:04  Zergling x4, Baneling x5  
  127  9:05  Baneling  
  127  9:06  Baneling  
  127  9:07  Baneling  
  127  9:09  Baneling  
  131  9:10  Baneling  
  131  9:12  Baneling  
  131  9:13  Zergling x2, Baneling  
  131  9:14  Zergling x2  
  131  9:15  Zergling x2, Overlord, Roach x2  
  138  9:22  Centrifical Hooks  
  138  9:24  Zergling x2  
  138  9:25  Hydralisk  
  138  9:27  Roach  
  143  9:33  Zerg Missile Weapons Level 2  
  143  9:34  Overlord  
  143  9:42  Spore Crawler  
  143  9:43  Drone  
  143  9:44  Spine Crawler  
  143  9:45  Baneling, Drone  
  143  9:47  Zergling x2, Baneling  
  143  9:50  Overseer  
  144  9:53  Spine Crawler, Overlord  
  144  9:54  Drone  
  144  9:57  Zergling x2  
  144  9:58  Zergling x2  
  144  9:59  Zergling x2  
  142  10:01  Queen, Hydralisk  
  142  10:02  Zergling x4  
  142  10:03  Zergling x6  
  142  10:05  Hydralisk, Roach  
  134  10:07  Hydralisk, Roach  
  134  10:08  Hydralisk  
  134  10:11  Baneling  
  134  10:12  Baneling, Infestor  
  113  10:15  Roach  
  113  10:16  Baneling, Roach  
  113  10:17  Baneling  
  113  10:19  Baneling, Roach  
  113  10:20  Baneling  
  119  10:21  Infestor  
  119  10:24  Baneling  
  119  10:28  Hydralisk  
  121  10:29  Hatchery  
  121  10:30  Drone  
  121  10:31  Ravager, Hydralisk  
  121  10:33  Roach  
  121  10:34  Hydralisk  
  129  10:38  Roach  
  129  10:41  Hydralisk  
  119  10:43  Hydralisk, Overseer  
  119  10:46  Roach  
  119  10:47  Hydralisk  
  119  10:49  Hydralisk  
  117  10:51  Roach, Drone x2  
  117  10:52  Drone x3  
  117  10:54  Drone  
  117  10:55  Roach, Drone x3  
  114  11:00  Drone  
  114  11:02  Drone x2  
  104  11:11  Drone  
  104  11:13  Zergling x2, Drone  
  96  11:19  Roach, Drone  
  96  11:20  Hatchery, Zergling x2  
  96  11:22  Drone  
  96  11:24  Roach, Drone  
  103  11:26  Ravager  
  103  11:28  Ravager  
  105  11:33  Zergling x2, Baneling x2  
  105  11:34  Roach  
  105  11:35  Roach  
  110  11:41  Roach  
  110  11:44  Baneling, Roach  
  110  11:45  Zergling x2, Baneling, Infestor, Zerg Ground Armor Level 2  
  117  11:48  Hydralisk x3  
  123  11:56  Infestor  
  123  11:58  Zergling x2, Baneling x2  
  126  12:07  Baneling  
  126  12:08  Baneling, Zergling x2, Extractor, Drone  
  127  12:09  Infestor  
  127  12:11  Extractor, Roach  
  127  12:13  Drone  
  131  12:20  Zergling x2, Baneling  
  132  12:23  Overlord  
  132  12:24  Hive  
  132  12:41  Spine Crawler  
  132  12:42  Drone  
  132  12:43  Spine Crawler  
  131  12:44  Drone  
  131  12:45  Spore Crawler  
  131  12:47  Drone  
  131  12:49  Spore Crawler  
  131  12:51  Drone  
  132  12:52  Spine Crawler  
  132  12:53  Drone  
  132  12:56  Pathogen Glands  
  132  12:57  Spine Crawler  
  131  12:59  Drone  
  131  13:00  Queen  
  131  13:04  Queen  
  136  13:07  Queen  
  136  13:11  Queen, Baneling x2  
  136  13:12  Zergling x2, Baneling x3, Overlord  
  141  13:13  Zergling x2  
  142  13:30  Spine Crawler  
  142  13:32  Drone  
  142  13:34  Spore Crawler  
  142  13:35  Zergling x2, Baneling x2, Drone  
  142  13:36  Zergling x2, Baneling  
  142  13:37  Baneling, Spore Crawler  
  142  13:38  Drone  
  144  13:41  Ultralisk Cavern  
  144  13:42  Hydralisk  
  144  13:43  Viper x2, Overlord, Zergling x2, Hydralisk, Drone  
  144  13:45  Drone, Spore Crawler  
  144  13:46  Overseer  
  154  13:53  Spine Crawler  
  154  13:55  Drone x2  
  146  13:56  Spore Crawler  
  146  13:57  Drone  
  136  14:06  Zergling x2, Baneling x3  
  136  14:07  Baneling  
  135  14:11  Zergling x2, Baneling x2  
  136  14:19  Hatchery  
  136  14:20  Drone  
  136  14:29  Zergling x2, Baneling  
  137  14:31  Ultralisk  
  137  14:32  Ultralisk  
  137  14:37  Ultralisk  
  155  14:44  Ultralisk  
  161  14:46  Overlord  
  161  14:49  Pneumatized Carapace  
  161  14:54  Overseer  
  161  15:10  Spine Crawler  
  161  15:11  Drone  
  161  15:12  Queen  
  163  15:19  Overlord, Ultralisk  
  175  15:34  Hydralisk  
  175  15:53  Spore Crawler  
  175  15:55  Spore Crawler  
  169  15:57  Spine Crawler  
Tags
 
Add a new tag
Caveats
  • Supply blocks, unpowered buildings, or Contaminate may cause inaccurate times.
  • Supply counts are checked every 10 seconds.